AoeStats
← AOKI_Shogi

Fortress

507584851Analyzed
4v4 RM · 14d ago on Sep 18, 2026· 41m 0s· 8 players
Game mode
Random Map
Map size
Huge
Population
200
Speed
Normal
Resources
Standard
Victory
Conquest
Starting age
Dark Age
Ending age
Imperial Age
RankedLock teamsTeams togetherTeam positionsShared explorationLock speedFull tech treeHidden civsTurbo modeCheats
Victory
Defeat
🇮🇹 Aztecs · Italy
1740
+6
🇮🇹 Spanish · Italy
1685
+8
🇨🇳 Chinese · China
1557
+12
🇨🇳 Mapuche · China
1520
+13
🇲🇦 Ethiopians · Morocco
1594
-14
🇫🇷 Bulgarians · France
1493
-10
🇫🇷 Muisca · France
1421
-8
🇫🇷 Turks · France
1394
-7
aunclelikegod02
1:07 Loom
8:46 Feudal Age
13:16 Castle Age
11:12 Double-Bit Axe
11:09 Horse Collar
11:44 Gold Mining
14:31 Bow Saw
14:40 Heavy Plow
15:17 Gold Shaft Mining
21:28 Imperial Age
21:13 Fletching
22:08 Wheelbarrow
21:51 Padded Archer Armor
22:07 Bodkin Arrow
22:49 Ballistics
23:20 Bracer
24:11 Leather Archer Armor
24:40 Conscription
26:07 Ring Archer Armor
26:47 Chemistry
27:40 Hand Cart
29:18 Forging
29:13 Scale Barding Armor
29:09 Scale Mail Armor
30:35 Two-Man Saw
29:42 Thumb Ring
30:53 Elite Chu Ko Nu
32:00 Chain Mail Armor
32:20 Iron Casting
32:25 Squires
32:11 Arson
32:50 Murder Holes
32:27 Pikeman
33:28 Halberdier
35:03 Plate Mail Armor
41:08 Caravan
Dott_Berlu
7:27 Feudal Age
11:02 Castle Age
9:29 Double-Bit Axe
9:25 Horse Collar
12:16 Bow Saw
12:36 Heavy Plow
14:13 Wheelbarrow
17:05 Loom
18:07 Bloodlines
19:26 Town Watch
20:08 Scale Barding Armor
21:42 Husbandry
22:59 Chain Barding Armor
23:21 Forging
24:17 Gold Mining
28:05 Imperial Age
27:42 Iron Casting
27:00 Fletching
28:39 Hand Cart
28:09 Cavalier
29:25 Plate Barding Armor
29:12 Conscription
29:49 Fortified Wall
29:33 Paladin
32:10 Blast Furnace
31:47 Bodkin Arrow
32:55 Chemistry
33:00 Capped Ram
34:26 Siege Ram
35:26 Bracer
35:29 Light Cavalry
36:12 Caravan
36:32 Hussar
39:21 Two-Man Saw
DeepSleep
8:25 Feudal Age
10:00 Double-Bit Axe
10:29 Horse Collar
12:52 Castle Age
14:01 Bow Saw
14:39 Heavy Plow
17:01 Wheelbarrow
18:51 Gold Mining
21:17 Gold Shaft Mining
20:34 Stone Mining
22:12 Hand Cart
25:48 Imperial Age
23:33 Scale Mail Armor
23:45 Forging
23:22 Loom
25:09 Iron Casting
26:34 Butalmapu
26:51 Conscription
27:51 Blast Furnace
27:37 Elite Kona
28:41 Fletching
29:13 Padded Archer Armor
29:21 Bodkin Arrow
30:39 Leather Archer Armor
31:26 Chemistry
30:47 Ballistics
29:49 Elite Bolas Rider
31:16 Elite Skirmisher
35:34 Ring Archer Armor
40:48 Caravan
Revenge
8:44 Feudal Age
12:34 Castle Age
10:37 Double-Bit Axe
10:33 Horse Collar
11:11 Gold Mining
14:57 Bow Saw
18:38 Wheelbarrow
24:33 Imperial Age
22:17 Fletching
22:57 Bodkin Arrow
22:31 Elite Skirmisher
24:13 Padded Archer Armor
24:35 Ballistics
25:12 Leather Archer Armor
25:33 Hand Cart
25:04 Loom
25:31 Bracer
27:08 Chemistry
26:52 Conscription
27:08 Atlatl
28:24 Stone Mining
29:13 Siege Engineers
29:51 Onager
30:51 Caravan
31:28 Fortified Wall
32:07 Siege Onager
35:30 Crossbowman
36:55 Heavy Plow
36:35 Arbalester
37:41 Forging
38:34 Coinage
37:59 Treadmill Crane
40:03 Banking
41:57 Iron Casting
41:23 Scale Mail Armor
41:19 Murder Holes
41:10 Arrowslits
Daniel Chassagnez
7:33 Feudal Age
8:34 Loom
12:04 Castle Age
10:20 Double-Bit Axe
10:37 Horse Collar
11:07 Gold Mining
13:21 Bow Saw
15:12 Wheelbarrow
14:53 Heavy Plow
18:58 Town Watch
20:12 Hand Cart
20:07 Gold Mining
25:24 Imperial Age
24:16 Scale Barding Armor
24:21 Forging
25:00 Chain Barding Armor
25:47 Iron Casting
25:46 Bloodlines
25:36 Husbandry
26:03 Masonry
26:54 Plate Barding Armor
26:35 Cavalier
27:38 Stone Mining
28:24 Gold Shaft Mining
29:51 Blast Furnace
28:59 Town Patrol
29:28 Light Cavalry
33:36 Stirrups
35:15 Fletching
35:28 Scale Mail Armor
37:13 Bodkin Arrow
38:42 Light Cavalry
39:57 Hussar
atchoubaka
7:06 Feudal Age
11:45 Castle Age
10:41 Scale Barding Armor
11:45 Double-Bit Axe
11:42 Horse Collar
13:00 Bow Saw
13:48 Wheelbarrow
13:31 Heavy Plow
19:45 Hand Cart
19:50 Fletching
26:52 Imperial Age
25:12 Bodkin Arrow
25:13 Loom
25:38 Thumb Ring
25:59 Padded Archer Armor
26:47 Ballistics
27:06 Leather Archer Armor
27:10 Fortified Wall
28:04 Bracer
28:25 Bombard Tower
28:37 Parthian Tactics
30:19 Bloodlines
30:36 Chain Barding Armor
30:48 Forging
30:40 Husbandry
33:07 Ring Archer Armor
32:41 Heavy Cavalry Archer
34:47 Iron Casting
37:14 Heavy Camel Rider
Skrillll
6:55 Feudal Age
10:41 Castle Age
8:30 Double-Bit Axe
8:36 Horse Collar
13:11 Bow Saw
13:02 Heavy Plow
17:26 Wheelbarrow
16:39 Town Watch
18:23 Hand Cart
22:23 Gold Mining
25:39 Imperial Age
23:23 Scale Mail Armor
23:34 Forging
24:41 Loom
26:07 Gold Shaft Mining
25:23 Stone Mining
25:48 Onager
27:30 Chemistry
26:48 Halberdier
27:29 Squires
27:45 Chain Mail Armor
28:57 Plate Mail Armor
29:31 Conscription
29:12 Torsion Engines
31:02 Siege Onager
32:38 Caravan
37:03 Siege Engineers
AOKI_Shogi
8:06 Feudal Age
11:44 Castle Age
9:51 Loom
11:04 Double-Bit Axe
11:51 Horse Collar
13:04 Bow Saw
13:59 Heavy Plow
21:05 Wheelbarrow
21:52 Gold Mining
24:59 Imperial Age
22:52 Hand Cart
22:36 Stone Mining
23:15 Fletching
23:41 Bodkin Arrow
23:46 Padded Archer Armor
25:00 Leather Archer Armor
25:33 Gold Shaft Mining
24:49 Pikeman
25:30 Scale Mail Armor
25:41 Forging
26:16 Bracer
27:30 Chemistry
27:37 Two-Man Saw
28:16 Ballistics
28:54 Stone Shaft Mining
28:46 Town Watch
29:19 Elite Guecha Warrior
31:45 Chain Mail Armor
32:02 Crop Rotation
32:16 Conscription
32:13 Thumb Ring
31:40 Elite Skirmisher
32:35 Herbalism
34:43 Iron Casting
33:53 Crossbowman
34:28 Arbalester
38:27 Plate Mail Armor
38:00 Squires
Connection lost

Rejoining the realm…

Still unreachable

The connection could not be restored.

Session expired

The server has moved on; the page needs a fresh start.